 Dungeon Crawl Stone Soup version 0.23-a0-130-g0e7800e (webtiles) character file.

9 Amnesiac the Gusty (level 2, -1/19 HPs)
             Began as a Mummy Air Elementalist on Aug 28, 2018.
             Slain by a hound (3 damage)
             ... on level 4 of the Dungeon.
             The game lasted 00:01:16 (624 turns).

Amnesiac the Gusty (Mummy Air Elementalist)          Turns: 624, Time: 00:01:17

Health: -1/19      AC:  2    Str: 11    XL:     2   Next: 3%
Magic:  1/5        EV: 12    Int: 14    God:
Gold:   69         SH:  0    Dex: 12    Spells: 3/6 levels left

rFire    x . .     SeeInvis .   (no weapon)
rCold    + . .     Gourm    .   (no shield)
rNeg     + + +     Faith    .   a - +0 robe
rPois    ∞         Spirit   .   (no helmet)
rElec    .         Reflect  .   (no cloak)
rCorr    .         Harm     .   (no gloves)
MR       .....                  (no boots)
Stlth    ++........             (no amulet)
HPRegen  0.06/turn              (no ring)
MPRegen  0.09/turn              (no ring)

@: very slightly contaminated
A: no food or potions, fire vulnerability, cold resistance 1, negative energy
resistance 3, torment resistance, unbreathing
a: no special abilities


You were on level 4 of the Dungeon.
You were not hungry.

You visited 1 branch of the dungeon, and saw 5 of its levels.

You collected 69 gold pieces.

Inventory:

Armour
 a - a +0 robe (worn)
 e - a +0 buckler
Jewellery
 c - an uncursed amulet of the acrobat {unknown}
Scrolls
 b - a scroll of blinking {!r}
 d - 2 scrolls of identify {!r}


   Skills:
 - Level 1.5 Dodging
 - Level 1.5 Stealth
 + Level 2.8 Spellcasting
 - Level 0.7 Conjurations
 * Level 2.9 Air Magic


You had 3 spell levels left.
You knew the following spells:

 Your Spells              Type           Power        Failure   Level  Hunger
a - Shock                 Conj/Air       #...         11%         1    N/A
z - Swiftness             Chrm/Air       #.......     19%         2    N/A

Your spell library contained the following spells:

 Spells                   Type           Power        Failure   Level  Hunger
 Static Discharge         Conj/Air       #.......     30%         3    N/A
 Airstrike                Air            ##........   54%         4    N/A
 Lightning Bolt           Conj/Air       #.........   96%         5    N/A

Dungeon Overview and Level Annotations

Branches:
Dungeon (5/15)
 Temple: D:4-7

Altars:
Okawaru
Uskayaw
Yredelemnul
The Shining One


Innate Abilities, Weirdness & Mutations

You do not eat or drink.
Your flesh is vulnerable to fire.
You are immune to poison.
Your flesh is cold resistant. (rC+)
You are immune to negative energy. (rN+++)
You are immune to unholy pain and torment.
You can survive without breathing.


Message History

Press: ? - help, Shift-Dir - straight line, f/p - hound
Aim: a hound (lightly wounded)
The zap hits the hound.
The hound is moderately wounded.
The zap hits the hound.
The hound is heavily wounded.
The hound bites you.
Casting: Shock (safe; 11% risk of failure)
Confirm with . or Enter, or press ? or * to list all spells.
Aiming: Shock (safe; 11% risk of failure)
Press: ? - help, Shift-Dir - straight line, f/p - hound
Aim: a hound (heavily wounded)
You miscast Shock.
You are very lightly contaminated with residual magic.
The wind howls around you! The hound bites you.
* * * LOW HITPOINT WARNING * * *
The hound misses you.
Casting: Shock (safe; 11% risk of failure)
Confirm with . or Enter, or press ? or * to list all spells.
Aiming: Shock (safe; 11% risk of failure)
Press: ? - help, Shift-Dir - straight line, f/p - hound
Aim: a hound (heavily wounded)
The zap hits the hound.
The hound is heavily wounded.
The zap hits the hound.
The hound is severely wounded.
The hound closely misses you.
Casting: Shock (safe; 11% risk of failure)
Confirm with . or Enter, or press ? or * to list all spells.
You don't have enough magic to cast that spell.
Casting: Shock (safe; 11% risk of failure)
Confirm with . or Enter, or press ? or * to list all spells.
You don't have enough magic to cast that spell.
The hound misses you. The hound completely misses you. The hound bites you.
* * * LOW HITPOINT WARNING * * *
Casting: Shock (safe; 11% risk of failure)
Confirm with . or Enter, or press ? or * to list all spells.
Aiming: Shock (safe; 11% risk of failure)
Press: ? - help, Shift-Dir - straight line, f/p - hound
Aim: a hound (severely wounded)
The zap hits the hound.
The hound appears unharmed.
The hound is severely wounded.
The zap hits the hound.
The hound is severely wounded.
The hound completely misses you. The hound closely misses you.
Unknown command.
The hound closely misses you. The hound bites you.
* * * LOW HITPOINT WARNING * * *
The hound closely misses you.
Really read
f - a scroll labeled NAHITA ARRE {!r}?
As you read the scroll labeled NAHITA ARRE {!r}, it crumbles to dust.
You hear a loud clanging noise!
It was a scroll of noise {!r}.
You hear an angry hiss. x2
The hound barely misses you.
Really read
d - 3 scrolls labeled KAABULO HUAHUNA {!r}?
As you read the scroll labeled KAABULO HUAHUNA {!r}, it crumbles to dust.
It is a scroll of identify.
b - a scroll of blinking {!r} The hound barely misses you.
The hound bites you.
You die...

..........#.....
#.#.#.#.#.#.....
#...............
#.#.#.#.#...#
#.........#
######.#.#
###.#.# #.
#.h.#.# #..
#@#.#.# #..
#.#.#.# #...
#.#...#
#...###.#.###
#.........<#
#...#......#
#### #......#
....
#......######
.#.#l
#.....>.....#


You could see a hound.

Vanquished Creatures
  A dart slug (D:3)
  2 bats (D:3)
  3 hobgoblins
6 creatures vanquished.

Notes
Turn   | Place    | Note
-------+----------+-------------------------------------------
     0 | D:1      | Amnesiac the Mummy Air Elementalist began the quest for the
                  | Orb.
     0 | D:1      | Reached XP level 1. HP: 13/13 MP: 4/4
   311 | D:3      | Found a hide-covered altar of Uskayaw.
   314 | D:3      | Found an iron altar of Okawaru.
   314 | D:3      | Found a basalt altar of Yredelemnul.
   314 | D:3      | Found a glowing golden altar of the Shining One.
   384 | D:3      | Reached XP level 2. HP: 10/19 MP: 1/5
   430 | D:3      | Learned a level 2 spell: Swiftness
   569 | D:5      | Entered Level 5 of the Dungeon
   624 | D:4      | Slain by a hound

Vault maps used:
D:1:      minmay_arrival_radiant_lines
D:2:      first_ration
D:3:      grunt_temple_overflow_open
D:4:      minmay_temple_entry_overgrown, ebering_ghost_sewer_d, serial_glass,
          glass_columns_a, glass_columns_b, glass_columns_a, glass_columns_a,
          glass_columns_b, glass_columns_c, glass_columns_a, glass_columns_c,
          glass_columns_b, glass_columns_a, minmay_strange_pillars,
          okawaru_gym_becter
D:5:      nicolae_ashenzari_panopticon, serial_shops, shop

Action                   || total
-------------------------++-------
Melee: Unarmed           ||     6
 Cast: Shock             ||    21
  Use: Scroll            ||     2
Armor: Robe              ||     9
Dodge: Dodged            ||    25

Table legend:
 A = Non-vault XP
 B = Vault XP
 C = Vault XP percentage of total XP
 D = Non-vault monster count
 E = Vault monster count
 F = Vault count percentage of total count
                 A         B        C        D         E       F
            +---------+---------+-------+---------+---------+-------
      Total |      13 |       0 |   0.0 |       6 |       0 |   0.0
            +---------+---------+-------+---------+---------+-------
        D:1 |       2 |       0 |   0.0 |       1 |       0 |   0.0
        D:3 |      11 |       0 |   0.0 |       5 |       0 |   0.0
            +---------+---------+-------+---------+---------+-------
